 Dungeon Crawl Stone Soup version 0.17.2-1-ge4368a0 (webtiles) character file.

137 Goblin1989 the Insei (level 5, 41/41 HPs)
             Began as a Demonspawn Monk on Nov 8, 2016.
             Quit the game on level 3 of the Dungeon.
             The game lasted 00:05:26 (2224 turns).

Goblin1989 the Insei (Demonspawn Monk)              Turns: 2224, Time: 00:05:27

Health: 41/41      AC:  2    Str: 13    XL:     5   Next: 0%
Magic:  5/5        EV: 15    Int: 11    God:
Gold:   215        SH:  0    Dex: 15    Spells: 0 memorised, 4 levels left

rFire  . . .     SeeInvis .       - Unarmed
rCold  . . .     Clarity  .     a - +0 robe
rNeg   + . .     SustAt   .     (no shield)
rPois  .         Gourm    .     (helmet restricted)
rElec  .         Spirit   .     (no cloak)
rCorr  .         Warding  .     (no gloves)
rMut   .         Stasis   .     (no boots)
MR     .....                    (no amulet)
Stlth  ++........               (no ring)
                                q - ring of positive energy

@: not resistant to hostile enchantments, unstealthy
A: antennae 1, repulsion field 1, powered by pain 1, spiny 1
a: no special abilities


You were on level 3 of the Dungeon.
You were not hungry.

You visited 1 branch of the dungeon, and saw 3 of its levels.

You collected 215 gold pieces.

Inventory:

Armour
 a - a +0 robe (worn)
 u - a +0 ring mail
Jewellery
 q - a ring of positive energy (left hand)
Scrolls
 c - 2 scrolls of immolation {unknown}
 d - 3 scrolls of remove curse {@r2}
 j - a scroll of noise {unknown}
 k - a scroll of magic mapping {unknown}
 l - a scroll of enchant weapon {unknown}
 m - 3 scrolls of teleportation {unknown}
 p - a scroll of blinking {unknown}
 r - 2 scrolls of identify {unknown}
Potions
 e - 2 potions of flight {unknown}
 g - 2 potions of haste {unknown}
 h - a potion of brilliance {unknown}
 n - a potion of poison {unknown}
 o - 2 potions of invisibility {unknown}
 s - a potion of lignification {unknown}
Comestibles
 b - 2 bread rations {@e1}
 f - a slice of pizza
 i - 3 meat rations {@e2}
 t - a chunk of flesh {@w0}


   Skills:
 - Level 3.0 Fighting
 - Level 2.6 Dodging
 - Level 1.7 Stealth
 + Level 5.7 Unarmed Combat


You had 4 spell levels left.
You didn't know any spells.

Dungeon Overview and Level Annotations

Branches:
Dungeon (3/15)

Altars:
Nemelex Xobeh
Okawaru
Yredelemnul


Innate Abilities, Weirdness & Mutations

You have a pair of small antennae on your head.
You are surrounded by a mild repulsion field (EV +2).
You sometimes gain a little power by taking damage.
You are partially covered in sharp spines.


Message History

No target in view!
No target in view!
No target in view!
No target in view!
No target in view!
No target in view!
No target in view!
Health restored: 35
There is an open door here.
A hobgoblin comes into view. It is wielding a club.
The hobgoblin shouts!
You see here a ring mail.
u - a ring mail You hit the hobgoblin.
You kill the hobgoblin!
You have reached level 5!
Your demonic ancestry asserts itself...
A pair of antennae grows on your head!
Health restored: 41; MP restored: 5 Are you sure you want to abandon this character and quit the game? (Confirm with "yes".)

█........█ █.███....█
█ █....█ █....█
█....█████████
█.████∆████......██ █
█.........∆......∆.
█..██████.████......██
█...)@....█ █......██
.....████████


█████████ ███ █ █ █ █ █ █ █ There were no monsters in sight!

Vanquished Creatures
  An orc wizard (D:3)
  Jessica (D:2)
  An iguana (D:3)
  An adder (D:3)
  2 worms (D:2)
  A giant gecko (D:3)
  6 bats
  3 giant cockroaches
  3 hobgoblins
  8 kobolds
  2 quokkas (D:2)
  3 giant newts
  9 goblins
  3 rats
44 creatures vanquished.

Notes
Turn   | Place    | Note
--------------------------------------------------------------
     0 | D:1      | Goblin1989 the Demonspawn Monk began the quest for the Orb.
     0 | D:1      | Reached XP level 1. HP: 18/18 MP: 1/1
   360 | D:1      | Reached skill level 4 in Unarmed Combat
   415 | D:1      | Gained mutation: You are partially covered in sharp spines. [demonic ancestry]
   415 | D:1      | Reached XP level 2. HP: 18/24 MP: 2/2
   933 | D:2      | Gained mutation: You sometimes gain a little power by taking damage. [demonic ancestry]
   933 | D:2      | Reached XP level 3. HP: 29/29 MP: 3/3
  1480 | D:2      | Noticed Jessica
  1488 | D:2      | Killed Jessica
  1488 | D:2      | Reached skill level 5 in Unarmed Combat
  1508 | D:2      | Identified Jessica's Tome of Curses
  1585 | D:3      | Gained mutation: You are surrounded by a mild repulsion field (EV +2). [demonic ancestry]
  1585 | D:3      | Reached XP level 4. HP: 35/35 MP: 4/4
  1933 | D:3      | Found a basalt altar of Yredelemnul.
  1933 | D:3      | Found a sparkling altar of Nemelex Xobeh.
  2067 | D:3      | Found an iron altar of Okawaru.
  2223 | D:3      | Gained mutation: You have a pair of small antennae on your head. [demonic ancestry]
  2223 | D:3      | Reached XP level 5. HP: 41/41 MP: 5/5
  2224 | D:3      | Quit the game

Action                   |  1- 3 |  4- 6 || total
-------------------------+-------+-------++-------
Melee: Unarmed           |    66 |    21 ||    87
  Use: Scroll            |     1 |       ||     1
 Stab: Sleeping          |     3 |     1 ||     4
  Eat: Chunk             |     1 |     3 ||     4

Vault maps used:
D:1:      saegor_arrival_simple_e
D:2:      first_bread, kennysheep_jessica_study
D:3:      nicolae_overflow_hidden_temple, gammafunk_temple_overflow_statue
